cohdb
Replays
Latest Replays
All Replays
Popular Replays
Top Player Replays
Match Explorer
How It Works
Community
CoH3 Stats
Reddit
Sign in to upload your games and track your stats! →
Sign in with Steam
Match 30185784
Unlisted
Match 30185784
Overview
Messages
Build Orders
End
Construct Infanterie Kompanie
Kettenkrad Recon Vehicle
Selects Breakthrough Battlegroup
MG 42 Machine Gun Team
Grenadier Squad
Grenadier Squad
Grenadier Squad
Selects Assault Grenadiers
Selects Smoke Bombing Run
GrW 34 Mortar Team
Construct Panzergrenadier Kompanie
Pak 40 Anti-tank Gun Team
Smoke Bombing Run
Selects Mechanized Assault Group
Mechanized Assault Group
Construct Panzer Kompanie
Sturmpanzer IV Brummbär
Selects Rapid Production
Stoßtruppen Squad
Grenadier Squad
Selects Blitzkrieg
Panzer IV Medium Tank
Selects Panzer IV Command Tank Sd.Kfz. 161/1
Panzer IV Medium Tank
MG 42 Machine Gun Team
Side Skirts
Zadot
Nikname2303[HS:UA]
Hanaken
朕射你无罪
Solids_snakes
dnjsxorla36
saya
Centurion Catalyst
0
0
Comments
sign in to comment!
No comments posted yet!